Griffins vs Senators
Created - December 29, 2017 at 21:26
Goals
|
Griffins |
1 |
2 |
0 |
3 |
Senators |
2 |
3 |
0 |
5 |
|
Shots
|
Griffins |
11 |
19 |
12 |
42 |
Senators |
9 |
11 |
13 |
33 |
|
1st period
1. Senators , Tomas Jurco 10 (Ryan Dzingel 7, Zemgus Girgensons 4) at 8:42
2. Griffins , Ben Hanowski 6 (Jan Mursak 6, Greg Mauldin 5) at 13:42
3. Senators , Shane Sims 1 (Unassisted) at 14:27
Penalties :
Stephane Da Costa (BIN) for Roughing (Minor) at 0:55
2nd period
4. Senators , Chris Thorburn 29 (Stephane Da Costa 27) at 2:44
5. Griffins , Ben Hanowski 7 (Justin Braun 8, Jan Mursak 7) at 6:11
6. Senators , Matt Frattin 11 (Gabriel Bourque 20, Tommy Wingels 22) at 8:19
7. Senators , Gabriel Landeskog 16 (Stephane Da Costa 28, Nicolas Deslauriers 12) at 9:53 (SH)
8. Griffins , Petr Pohl 25 (Oscar Klefbom 24, Tye McGinn 18) at 13:38 (PP)
Penalties :
Tomas Jurco (BIN) for Interference (Minor) at 9:39, Keegan Lowe (BIN) for Hooking (Minor) at 13:25, Petr Pohl (Cap) for Roughing (Minor) at 17:56
3rd period
No Goal
Penalties :
Matt Frattin (BIN) for Interference (Minor) at 0:32, Mike Duco (Cap) for Hooking (Minor) at 2:54
Goalie Stats
Thomas Greiss (Cap), 18 saves from 19 shots - (0.947), 31:41 minutes
Jason Missiaen (Cap), 10 saves from 14 shots - (0.714), L, 14-5-3, 28:19 minutes
Brad Thiessen (BIN), 39 saves from 42 shots - (0.929), W, 17-7-1, 60:00 minutes
Players Stats for Griffins
Player Name G A P +/- PIM S H SB GA TA FO MP PP MP PK MP
------------------------------------------------------------------------------------
Ben Hanowski 2 0 2 2 0 3 2 0 0 0 1/1 14:33 2:20 0:00
Devin Shore 0 0 0 -1 0 1 0 2 0 0 6/8 14:25 0:23 0:56
Gord Baldwin 0 0 0 0 0 1 0 0 0 0 0/0 19:49 1:54 2:18
Greg Mauldin 0 1 1 2 0 1 1 0 3 0 10/22 14:23 2:20 0:00
J.T. Brown 0 0 0 -1 0 2 1 1 2 0 0/1 14:49 0:20 1:15
Jamie Arniel 0 0 0 -3 0 4 5 0 1 1 16/30 22:40 3:30 1:00
Jan Mursak 0 2 2 2 0 3 1 0 1 0 0/0 13:49 0:00 1:46
Justin Braun 0 1 1 0 0 1 0 0 0 1 0/0 21:30 0:00 1:05
Lucas Lessio 0 0 0 -1 0 1 0 0 0 0 0/0 7:53 0:20 1:06
Mike Duco 0 0 0 -1 2 1 0 0 1 0 0/0 7:12 0:00 0:44
Nathan Oystrick 0 0 0 -2 0 2 2 0 1 1 0/0 15:18 0:00 1:56
Oscar Klefbom 0 1 1 -1 0 1 0 0 0 0 0/0 22:25 4:16 1:32
Petr Pohl 1 0 1 -3 2 11 0 0 0 0 0/1 22:20 3:30 0:39
Petter Granberg 0 0 0 -2 0 3 0 0 0 0 0/0 15:10 1:54 0:26
Pontus Aberg 0 0 0 -1 0 2 0 1 0 0 1/1 15:24 2:20 0:00
Simon Despres 0 0 0 -1 0 1 2 2 0 1 0/0 25:48 4:16 0:39
Tye McGinn 0 1 1 -3 0 4 0 0 0 0 0/1 21:37 3:27 0:00
Vladislav Namestnikov 0 0 0 -1 0 0 0 0 0 0 1/1 6:55 0:00 0:30
Players Stats for Senators
Player Name G A P +/- PIM S H SB GA TA FO MP PP MP PK MP
------------------------------------------------------------------------------------
Chandler Stephenson 0 0 0 0 0 0 0 0 0 0 0/1 0:35 0:17 0:00
Chris Thorburn 1 0 1 1 0 1 0 0 0 1 1/2 19:47 2:10 1:25
Dylan Blujus 0 0 0 0 0 1 0 0 0 0 0/0 11:48 0:00 0:00
Freddie Hamilton 0 0 0 0 0 0 0 0 0 0 0/0 0:00 0:00 0:00
Gabriel Bourque 0 1 1 2 0 3 4 0 0 0 1/1 17:54 1:43 1:25
Gabriel Landeskog 1 0 1 2 0 4 1 0 0 0 1/3 22:14 1:58 3:38
Jeff Petry 0 0 0 3 0 1 2 3 1 1 0/0 21:08 1:54 2:26
Keegan Lowe 0 0 0 0 2 2 1 2 0 0 0/0 11:47 0:00 0:00
Marc-André Bernier 0 0 0 -1 0 2 2 0 0 1 0/0 10:24 0:00 0:00
Matt Frattin 1 0 1 1 2 4 4 0 0 0 0/0 16:28 1:43 0:00
Nicolas Deslauriers 0 1 1 3 0 1 1 2 0 2 0/0 21:08 1:54 2:26
Patrick Bordeleau 0 0 0 -1 0 3 2 0 0 0 2/2 12:03 0:00 1:07
Patrick Wey 0 0 0 0 0 1 1 3 1 0 0/0 27:04 2:04 3:44
Phil Di Giuseppe 0 0 0 0 0 0 0 0 0 0 0/0 0:49 0:22 0:00
Ryan Dzingel 0 1 1 0 0 1 0 0 0 1 0/0 8:53 0:00 1:07
Shane Prince 0 0 0 -1 0 0 2 0 0 1 3/12 10:24 0:00 0:00
Shane Sims 1 0 1 0 0 2 2 0 0 0 0/0 27:04 2:04 3:44
Stephane Da Costa 0 2 2 2 2 5 5 0 1 2 19/36 21:36 1:58 3:01
Tomas Jurco 1 0 1 0 2 2 1 0 1 0 0/0 7:47 0:00 0:00
Tommy Wingels 0 1 1 2 0 0 2 0 0 0 4/9 16:29 1:43 0:00
Zemgus Girgensons 0 1 1 0 0 0 0 0 0 0 0/0 8:23 0:00 0:37
3 Stars
1 - Ben Hanowski (Cap)
2 - Stephane Da Costa (BIN)
3 - Gabriel Landeskog (BIN)
Power Play
Griffins - 1 on 5 Attempt(s) - 20.00%
Senators - 0 on 2 Attempt(s) - 0.00%
Penalty Kill
Griffins - 2 on 2 Attempt(s) - 100.00%
- Score 0 goal in Penalty Kill
Senators - 4 on 5 Attempt(s) - 80.00%
- Score 1 goal in Penalty Kill
Team Stat
Griffins - Hits : 14 - Faceoff Wins : 35 - Blocked Shots : 6 - Penalty Minutes : 4
Senators - Hits : 30 - Faceoff Wins : 31 - Blocked Shots : 10 - Penalty Minutes : 8
Official
Referees : StPierre Justin and Furlatt Eric
Linesman : Scott Driscoll and Jay Sharrers
Game Notes
14:27 of 1st period - Penalty Shot by Shane Sims for Senators - Goal!
6:11 of 2nd period - Griffins goal is going for a video replay. After video review, Goal.
Thomas Greiss enters game at 8:19 of 2nd period
Finance
Level 1 -- Attendance: 1576 (78.80%) -- Ticket Income $52,008
Level 2 -- Attendance: 754 (75.40%) -- Ticket Income $11,310
Total Attendance: 2330 (77.67%)
Total Ticket Income: $63,318
Other Income: $3,166
Total Income: $66,484
Griffins
5 vs 5 Forward
Center Left Wing Right Wing Time % Phy DF OF
1 Jamie Arniel Tye McGinn Petr Pohl 40 0 2 3
2 Devin Shore Pontus Aberg J.T. Brown 25 0 2 3
3 Greg Mauldin Jan Mursak Ben Hanowski 25 0 2 3
4 Vladislav Namestnikov Lucas Lessio Mike Duco 10 0 2 3
5 vs 5 Defense
Defense Defense Time % Phy DF OF
1 Justin Braun Simon Despres 40 1 2 2
2 Gord Baldwin Oscar Klefbom 30 1 2 2
3 Nathan Oystrick Petter Granberg 20 1 2 2
4 Nathan Oystrick Petter Granberg 10 1 2 2
PowerPlay Forward
Center Left Wing Right Wing Time % Phy DF OF
1 Jamie Arniel Tye McGinn Petr Pohl 60 0 1 4
2 Greg Mauldin Pontus Aberg Ben Hanowski 40 0 1 4
PowerPlay Defense
Defense Defense Time % Phy DF OF
1 Simon Despres Oscar Klefbom 60 0 1 4
2 Gord Baldwin Petter Granberg 40 0 1 4
Penalty Kill 4 Players Forward
Center Wing Time % Phy DF OF
1 Jamie Arniel Jan Mursak 60 1 2 2
2 J.T. Brown Mike Duco 40 1 2 2
Penalty Kill 4 Players Defense
Defense Defense Time % Phy DF OF
1 Gord Baldwin Justin Braun 60 1 2 2
2 Simon Despres Nathan Oystrick 40 1 2 2
Penalty Kill - 3 Players Forward
Forward Time % Phy DF OF
1 Jamie Arniel 60 1 2 2
2 Mike Duco 40 1 2 2
Penalty Kill - 3 Players Defense
Defense Defense Time % Phy DF OF
1 Gord Baldwin Justin Braun 60 1 2 2
2 Simon Despres Nathan Oystrick 40 1 2 2
4 vs 4 Forward
Center Wing Time % Phy DF OF
1 Jamie Arniel Petr Pohl 60 1 2 2
2 Devin Shore Tye McGinn 40 1 2 2
4 vs 4 Defense
Defense Defense Time % Phy DF OF
1 Nathan Oystrick Oscar Klefbom 60 1 2 2
2 Justin Braun Simon Despres 40 1 2 2
Last Minutes Offensive
Center Left Wing Right Wing Defense Defense
Jamie Arniel Tye McGinn Petr Pohl Oscar Klefbom Simon Despres
Last Minutes Defensive
Center Left Wing Right Wing Defense Defense
Jamie Arniel Jan Mursak Mike Duco Gord Baldwin Nathan Oystrick
Goaltenders
Starting : Jason Missiaen
Backup : Thomas Greiss
Extra Forwards
Normal : Jamie Arniel, Tye McGinn, Pontus Aberg - PP : Pontus Aberg, Devin Shore - PK : Petr Pohl
Extra Defensemen
Normal : Simon Despres, Oscar Klefbom, Petter Granberg - PP : Justin Braun - PK : Simon Despres, Oscar Klefbom
Penalty Shots
Jan Mursak, Petr Pohl, Jamie Arniel, Tye McGinn, Greg Mauldin
Scratches
Garrett Wilson (Healthy), Tanner Kero (Healthy), Greg McKegg (Healthy), Kyle Lawson (Healthy), Brett Bulmer (Healthy)
Stuart Percy (Healthy), Rich Clune (Healthy), Jerome Gauthier-Leduc (Healthy), Konrad Abeltshauser (Healthy), Tomas Hyka (Healthy)
Brian Hart (Healthy), Casey Wellman (Healthy), Tyler Beskorowany (Healthy)
Senators
5 vs 5 Forward
Center Left Wing Right Wing Time % Phy DF OF
1 Stephane Da Costa Gabriel Landeskog Chris Thorburn 40 1 2 2
2 Tommy Wingels Gabriel Bourque Matt Frattin 30 1 2 2
3 Shane Prince Patrick Bordeleau Marc-André Bernier 20 1 2 2
4 Zemgus Girgensons Ryan Dzingel Tomas Jurco 10 1 2 2
5 vs 5 Defense
Defense Defense Time % Phy DF OF
1 Patrick Wey Shane Sims 40 1 2 2
2 Jeff Petry Nicolas Deslauriers 30 1 2 2
3 Dylan Blujus Keegan Lowe 20 1 2 2
4 Patrick Wey Shane Sims 10 1 2 2
PowerPlay Forward
Center Left Wing Right Wing Time % Phy DF OF
1 Stephane Da Costa Gabriel Landeskog Chris Thorburn 60 1 2 2
2 Tommy Wingels Gabriel Bourque Matt Frattin 40 1 2 2
PowerPlay Defense
Defense Defense Time % Phy DF OF
1 Patrick Wey Shane Sims 60 1 2 2
2 Jeff Petry Nicolas Deslauriers 40 1 2 2
Penalty Kill 4 Players Forward
Center Wing Time % Phy DF OF
1 Stephane Da Costa Gabriel Landeskog 60 1 2 2
2 Chris Thorburn Gabriel Bourque 40 1 2 2
Penalty Kill 4 Players Defense
Defense Defense Time % Phy DF OF
1 Patrick Wey Shane Sims 60 1 2 2
2 Jeff Petry Nicolas Deslauriers 40 1 2 2
Penalty Kill - 3 Players Forward
Forward Time % Phy DF OF
1 Stephane Da Costa 60 1 2 2
2 Gabriel Landeskog 40 1 2 2
Penalty Kill - 3 Players Defense
Defense Defense Time % Phy DF OF
1 Patrick Wey Shane Sims 60 1 2 2
2 Jeff Petry Nicolas Deslauriers 40 1 2 2
4 vs 4 Forward
Center Wing Time % Phy DF OF
1 Stephane Da Costa Gabriel Landeskog 60 1 2 2
2 Chris Thorburn Gabriel Bourque 40 1 2 2
4 vs 4 Defense
Defense Defense Time % Phy DF OF
1 Patrick Wey Shane Sims 60 1 2 2
2 Jeff Petry Nicolas Deslauriers 40 1 2 2
Last Minutes Offensive
Center Left Wing Right Wing Defense Defense
Stephane Da Costa Gabriel Landeskog Chris Thorburn Patrick Wey Shane Sims
Last Minutes Defensive
Center Left Wing Right Wing Defense Defense
Stephane Da Costa Gabriel Landeskog Chris Thorburn Patrick Wey Shane Sims
Goaltenders
Starting : Brad Thiessen
Backup : Ben Bishop
Extra Forwards
Normal : Phil Di Giuseppe, Chandler Stephenson, Patrick Bordeleau - PP : Phil Di Giuseppe, Chandler Stephenson - PK : Patrick Bordeleau
Extra Defensemen
Normal : Dylan Blujus, Keegan Lowe, Jeff Petry - PP : Dylan Blujus - PK : Keegan Lowe, Jeff Petry
Penalty Shots
Stephane Da Costa, Gabriel Landeskog, Chris Thorburn, Gabriel Bourque, Tommy Wingels
Scratches
Logan Stephenson (Fractured Metatarsal (Right Foot) Injury), Matt Tomkins (Healthy)
% Time on Ice - Griffins
Lines # - Real PCT - Wanted PCT - Time Play
Normal Forward
1 - 36% - 40% - 18:06
2 - 27% - 25% - 13:22
3 - 24% - 25% - 12:03
4 - 13% - 10% - 6:21
Normal Defense
1 - 42% - 40% - 21:11
2 - 31% - 30% - 15:33
3 - 20% - 20% - 9:56
4 - 6% - 10% - 3:12
PP Forward
1 - 62% - 60% - 3:50
2 - 38% - 40% - 2:20
PP Defense
1 - 69% - 60% - 4:16
2 - 31% - 40% - 1:54
PK Forward
1 - 68% - 60% - 2:43
2 - 32% - 40% - 1:15
PK Defense
1 - 62% - 60% - 2:27
2 - 38% - 40% - 1:31
PK3 Forward
1 - 0% - 60%
2 - 0% - 40%
PK3 Defense
1 - 0% - 60%
2 - 0% - 40%
44 Forward
1 - 0% - 60%
2 - 0% - 40%
44 Defense
1 - 0% - 60%
2 - 0% - 40%
Last Minute Offensive - 0:00
Last Minute Defensive - 0:00
Total
Forward - 60:00
Defense - 60:00
|
% Time on Ice - Senators
Lines # - Real PCT - Wanted PCT - Time Play
Normal Forward
1 - 34% - 40% - 16:46
2 - 30% - 30% - 14:56
3 - 21% - 20% - 10:24
4 - 16% - 10% - 7:46
Normal Defense
1 - 39% - 40% - 19:26
2 - 34% - 30% - 16:48
3 - 24% - 20% - 11:48
4 - 4% - 10% - 1:50
PP Forward
1 - 57% - 60% - 2:15
2 - 43% - 40% - 1:43
PP Defense
1 - 52% - 60% - 2:04
2 - 48% - 40% - 1:54
PK Forward
1 - 77% - 60% - 4:45
2 - 23% - 40% - 1:25
PK Defense
1 - 61% - 60% - 3:44
2 - 39% - 40% - 2:26
PK3 Forward
1 - 0% - 60%
2 - 0% - 40%
PK3 Defense
1 - 0% - 60%
2 - 0% - 40%
44 Forward
1 - 0% - 60%
2 - 0% - 40%
44 Defense
1 - 0% - 60%
2 - 0% - 40%
Last Minute Offensive - 0:00
Last Minute Defensive - 0:00
Total
Forward - 60:00
Defense - 60:00
|
Play by Play
1st period
0:01 of 1st period - Jamie Arniel wins face-off versus Stephane Da Costa in neutral zone.
0:24 of 1st period - Gabriel Landeskog is hit by Jamie Arniel and loses puck.
0:55 of 1st period - Minor Penalty to Stephane Da Costa for Roughing.
0:56 of 1st period - Patrick Bordeleau wins face-off versus Greg Mauldin in Senators zone.
2:55 of 1st period - Penalty to Stephane Da Costa is over, Stephane Da Costa is back on ice.
3:02 of 1st period - Snap shot by Mike Duco.
3:02 of 1st period - Stopped by Brad Thiessen with a rebound.
4:23 of 1st period - Pontus Aberg is hit by Matt Frattin and loses puck.
4:56 of 1st period - Mike Duco is hit by Stephane Da Costa and loses puck.
5:30 of 1st period - Icing by Devin Shore.
5:31 of 1st period - Devin Shore wins face-off versus Shane Prince in Griffins zone.
5:31 of 1st period - Devin Shore is hit by Shane Prince.
5:49 of 1st period - Jamie Arniel is hit by Matt Frattin and loses puck.
6:17 of 1st period - Slapshot by Tye McGinn.
6:17 of 1st period - Stopped by Brad Thiessen with a rebound.
6:19 of 1st period - Slapshot by Petr Pohl.
6:19 of 1st period - Stopped by Brad Thiessen with a rebound.
6:39 of 1st period - Gord Baldwin is hit by Gabriel Bourque.
7:07 of 1st period - Slapshot by Matt Frattin.
7:07 of 1st period - Shot Misses the Net.
7:20 of 1st period - Slapshot by Tommy Wingels.
7:20 of 1st period - Shot Misses the Net.
7:30 of 1st period - Tommy Wingels is hit by Jamie Arniel and loses puck.
7:49 of 1st period - Tye McGinn is hit by Tommy Wingels.
7:52 of 1st period - Off-side.
7:53 of 1st period - Greg Mauldin wins face-off versus Stephane Da Costa in neutral zone.
8:08 of 1st period - Greg Mauldin is hit by Stephane Da Costa and loses puck.
8:42 of 1st period - Snap shot by Tomas Jurco.
8:42 of 1st period - Goal by Tomas Jurco - Griffins : 0 - Senators : 1.
8:43 of 1st period - Stephane Da Costa wins face-off versus Greg Mauldin in neutral zone.
9:10 of 1st period - Petter Granberg is hit by Jeff Petry and loses puck.
9:59 of 1st period - Dylan Blujus is hit by Simon Despres and loses puck.
11:12 of 1st period - Snap shot by Stephane Da Costa.
11:12 of 1st period - Shot Misses the Net.
11:30 of 1st period - Snap shot by Gabriel Bourque.
11:30 of 1st period - Stopped by Jason Missiaen with a rebound.
11:32 of 1st period - Wrist shot by Nicolas Deslauriers.
11:32 of 1st period - Stopped by Jason Missiaen without a rebound.
11:33 of 1st period - Vladislav Namestnikov wins face-off versus Shane Prince in Griffins zone.
11:59 of 1st period - Nathan Oystrick is hit by Stephane Da Costa and loses puck.
12:28 of 1st period - Tye McGinn is hit by Gabriel Bourque and loses puck.
13:06 of 1st period - Gord Baldwin is hit by Jeff Petry and loses puck.
13:13 of 1st period - Nicolas Deslauriers is hit by J.T. Brown and loses puck.
13:18 of 1st period - Slapshot by J.T. Brown.
13:18 of 1st period - Deflect By Devin Shore.
13:18 of 1st period - Shot Misses the Net.
13:18 of 1st period - Puck is out of play.
13:19 of 1st period - Patrick Bordeleau wins face-off versus Greg Mauldin in Senators zone.
13:26 of 1st period - Slapshot by Greg Mauldin.
13:26 of 1st period - Stopped by Brad Thiessen without a rebound.
13:27 of 1st period - Shane Prince wins face-off versus Greg Mauldin in Senators zone.
13:32 of 1st period - Wrist shot by Patrick Bordeleau.
13:32 of 1st period - Shot Blocked by Simon Despres.
13:38 of 1st period - Wrist shot by Jan Mursak.
13:38 of 1st period - Stopped by Brad Thiessen with a rebound.
13:40 of 1st period - Snap shot by Ben Hanowski.
13:40 of 1st period - Shot Misses the Net.
13:42 of 1st period - Slapshot by Ben Hanowski.
13:42 of 1st period - Goal by Ben Hanowski - Griffins : 1 - Senators : 1.
13:43 of 1st period - Jamie Arniel wins face-off versus Stephane Da Costa in neutral zone.
13:54 of 1st period - Snap shot by Chris Thorburn.
13:54 of 1st period - Deflect By Gabriel Landeskog.
13:54 of 1st period - Stopped by Jason Missiaen with a rebound.
14:08 of 1st period - Matt Frattin is hit by Nathan Oystrick and loses puck.
14:15 of 1st period - Snap shot by Jan Mursak.
14:15 of 1st period - Shot Blocked by Patrick Wey.
14:27 of 1st period - Penalty Shot by Shane Sims for Senators.
14:27 of 1st period - Snap shot by Shane Sims.
14:27 of 1st period - Goal by Shane Sims - Griffins : 1 - Senators : 2.
14:28 of 1st period - Stephane Da Costa wins face-off versus Jamie Arniel in neutral zone.
14:29 of 1st period - Stephane Da Costa wins face-off versus Jamie Arniel in Senators zone.
14:56 of 1st period - Icing by Pontus Aberg.
14:57 of 1st period - Devin Shore wins face-off versus Tommy Wingels in Griffins zone.
15:26 of 1st period - Slapshot by Gabriel Bourque.
15:26 of 1st period - Stopped by Jason Missiaen without a rebound.
15:27 of 1st period - Jamie Arniel wins face-off versus Stephane Da Costa in Griffins zone.
15:27 of 1st period - Jamie Arniel is hit by Patrick Wey.
16:15 of 1st period - Snap shot by Mike Duco.
16:15 of 1st period - Shot Blocked by Patrick Wey.
16:29 of 1st period - Slapshot by Matt Frattin.
16:29 of 1st period - Stopped by Jason Missiaen with a rebound.
16:43 of 1st period - Wrist shot by Ryan Dzingel.
16:43 of 1st period - Stopped by Jason Missiaen without a rebound.
16:44 of 1st period - Devin Shore wins face-off versus Stephane Da Costa in Griffins zone.
16:44 of 1st period - Devin Shore is hit by Gabriel Landeskog.
16:54 of 1st period - Wrist shot by Stephane Da Costa.
16:54 of 1st period - Stopped by Jason Missiaen with a rebound.
17:14 of 1st period - Wrist shot by Devin Shore.
17:14 of 1st period - Stopped by Brad Thiessen with a rebound.
17:40 of 1st period - Snap shot by J.T. Brown.
17:40 of 1st period - Shot Misses the Net.
18:00 of 1st period - Petr Pohl is hit by Keegan Lowe.
18:21 of 1st period - Off-side.
18:22 of 1st period - Greg Mauldin wins face-off versus Shane Prince in neutral zone.
18:29 of 1st period - Snap shot by Greg Mauldin.
18:29 of 1st period - Deflect By Ben Hanowski.
18:29 of 1st period - Shot Misses the Net.
18:29 of 1st period - Puck is out of play.
18:30 of 1st period - Shane Prince wins face-off versus Greg Mauldin in Senators zone.
18:30 of 1st period - Shane Prince is hit by Jan Mursak.
18:50 of 1st period - Snap shot by Marc-André Bernier.
18:50 of 1st period - Stopped by Jason Missiaen without a rebound.
18:51 of 1st period - Jamie Arniel wins face-off versus Stephane Da Costa in Griffins zone.
18:56 of 1st period - Snap shot by Jamie Arniel.
18:56 of 1st period - Deflect By Gabriel Landeskog.
18:56 of 1st period - Shot Blocked by Jeff Petry.
18:56 of 1st period - Puck is out of play.
18:57 of 1st period - Jamie Arniel wins face-off versus Stephane Da Costa in Senators zone.
19:22 of 1st period - Gabriel Landeskog is hit by Jamie Arniel and loses puck.
19:29 of 1st period - Snap shot by Petr Pohl.
19:29 of 1st period - Shot Blocked by Nicolas Deslauriers.
19:31 of 1st period - Wrist shot by Petr Pohl.
19:31 of 1st period - Stopped by Brad Thiessen with a rebound.
19:33 of 1st period - Snap shot by Petr Pohl.
19:33 of 1st period - Stopped by Brad Thiessen with a rebound.
19:37 of 1st period - Snap shot by Petr Pohl.
19:37 of 1st period - Shot Misses the Net.
19:39 of 1st period - Snap shot by Tye McGinn.
19:39 of 1st period - Shot Misses the Net.
19:55 of 1st period - Snap shot by Jamie Arniel.
19:55 of 1st period - Stopped by Brad Thiessen with a rebound.
19:57 of 1st period - Snap shot by Tye McGinn.
19:57 of 1st period - Stopped by Brad Thiessen without a rebound.
19:58 of 1st period - Tommy Wingels wins face-off versus Greg Mauldin in Senators zone.
Goals for this period are 1 for Griffins vs 2 for Senators.
Shots for this period are 11 for Griffins vs 9 for Senators.
2nd period
0:01 of 2nd period - Stephane Da Costa wins face-off versus Jamie Arniel in neutral zone.
0:09 of 2nd period - Gabriel Landeskog is hit by Nathan Oystrick and loses puck.
0:14 of 2nd period - Slapshot by Jamie Arniel.
0:14 of 2nd period - Shot Blocked by Patrick Wey.
0:16 of 2nd period - Slapshot by Petr Pohl.
0:16 of 2nd period - Stopped by Brad Thiessen with a rebound.
1:34 of 2nd period - Snap shot by Jamie Arniel.
1:34 of 2nd period - Shot Misses the Net.
1:36 of 2nd period - Slapshot by Gord Baldwin.
1:36 of 2nd period - Deflect By Jan Mursak.
1:36 of 2nd period - Shot Misses the Net.
1:36 of 2nd period - Puck is out of play.
1:37 of 2nd period - Stephane Da Costa wins face-off versus Greg Mauldin in Senators zone.
2:08 of 2nd period - Wrist shot by Tye McGinn.
2:08 of 2nd period - Deflect By Gabriel Bourque.
2:08 of 2nd period - Stopped by Brad Thiessen without a rebound.
2:09 of 2nd period - Jamie Arniel wins face-off versus Tommy Wingels in Senators zone.
2:10 of 2nd period - Snap shot by Petr Pohl.
2:10 of 2nd period - Stopped by Brad Thiessen without a rebound.
2:11 of 2nd period - Jamie Arniel wins face-off versus Tommy Wingels in Senators zone.
2:26 of 2nd period - Snap shot by Jamie Arniel.
2:26 of 2nd period - Stopped by Brad Thiessen without a rebound.
2:27 of 2nd period - Pontus Aberg wins face-off versus Stephane Da Costa in Senators zone.
2:34 of 2nd period - Snap shot by Chris Thorburn.
2:34 of 2nd period - Shot Misses the Net.
2:36 of 2nd period - Wrist shot by Chris Thorburn.
2:36 of 2nd period - Shot Blocked by Devin Shore.
2:38 of 2nd period - Slapshot by Shane Sims.
2:38 of 2nd period - Stopped by Jason Missiaen with a rebound.
2:40 of 2nd period - Slapshot by Patrick Wey.
2:40 of 2nd period - Stopped by Jason Missiaen without a rebound.
2:41 of 2nd period - Stephane Da Costa wins face-off versus Tye McGinn in Griffins zone.
2:44 of 2nd period - Wrist shot by Chris Thorburn.
2:44 of 2nd period - Goal by Chris Thorburn - Griffins : 1 - Senators : 3.
2:45 of 2nd period - Jamie Arniel wins face-off versus Stephane Da Costa in neutral zone.
2:54 of 2nd period - Slapshot by Petr Pohl.
2:54 of 2nd period - Stopped by Brad Thiessen without a rebound.
2:55 of 2nd period - Jamie Arniel wins face-off versus Stephane Da Costa in Senators zone.
2:56 of 2nd period - Wrist shot by Petr Pohl.
2:56 of 2nd period - Stopped by Brad Thiessen with a rebound.
2:58 of 2nd period - Slapshot by Petter Granberg.
2:58 of 2nd period - Stopped by Brad Thiessen with a rebound.
3:08 of 2nd period - Wrist shot by Petr Pohl.
3:08 of 2nd period - Stopped by Brad Thiessen without a rebound.
3:09 of 2nd period - Stephane Da Costa wins face-off versus Greg Mauldin in Senators zone.
3:59 of 2nd period - J.T. Brown is hit by Shane Prince and loses puck.
4:12 of 2nd period - Devin Shore is hit by Marc-André Bernier and loses puck.
5:11 of 2nd period - Wrist shot by Petr Pohl.
5:11 of 2nd period - Shot Misses the Net.
5:47 of 2nd period - Wrist shot by Stephane Da Costa.
5:47 of 2nd period - Shot Misses the Net.
5:49 of 2nd period - Snap shot by Stephane Da Costa.
5:49 of 2nd period - Shot Misses the Net.
5:51 of 2nd period - Snap shot by Gabriel Landeskog.
5:51 of 2nd period - Shot Blocked by Pontus Aberg.
5:53 of 2nd period - Snap shot by Chris Thorburn.
5:53 of 2nd period - Shot Blocked by J.T. Brown.
6:07 of 2nd period - Wrist shot by Jan Mursak.
6:07 of 2nd period - Shot Misses the Net.
6:09 of 2nd period - Slapshot by Justin Braun.
6:09 of 2nd period - Stopped by Brad Thiessen with a rebound.
6:11 of 2nd period - Slapshot by Ben Hanowski.
6:11 of 2nd period - Griffins goal is going for a video replay.
6:11 of 2nd period - The goal is good.
6:11 of 2nd period - Goal by Ben Hanowski - Griffins : 2 - Senators : 3.
6:12 of 2nd period - Stephane Da Costa wins face-off versus Jamie Arniel in neutral zone.
6:53 of 2nd period - Icing by Gabriel Bourque.
6:54 of 2nd period - Devin Shore wins face-off versus Tommy Wingels in Senators zone.
7:21 of 2nd period - Slapshot by Pontus Aberg.
7:21 of 2nd period - Stopped by Brad Thiessen with a rebound.
7:23 of 2nd period - Slapshot by Nathan Oystrick.
7:23 of 2nd period - Stopped by Brad Thiessen without a rebound.
7:24 of 2nd period - Devin Shore wins face-off versus Stephane Da Costa in Senators zone.
8:11 of 2nd period - Snap shot by Stephane Da Costa.
8:11 of 2nd period - Stopped by Jason Missiaen without a rebound.
8:12 of 2nd period - Tommy Wingels wins face-off versus Jamie Arniel in Griffins zone.
8:19 of 2nd period - Snap shot by Matt Frattin.
8:19 of 2nd period - Goal by Matt Frattin - Griffins : 2 - Senators : 4.
8:19 of 2nd period - Thomas Greiss enters game.
8:20 of 2nd period - Gabriel Landeskog wins face-off versus Jamie Arniel in neutral zone.
8:45 of 2nd period - Jan Mursak is hit by Marc-André Bernier and loses puck.
9:39 of 2nd period - Minor Penalty to Tomas Jurco for Interference.
9:40 of 2nd period - Jamie Arniel wins face-off versus Gabriel Landeskog in Senators zone.
9:53 of 2nd period - Slapshot by Gabriel Landeskog.
9:53 of 2nd period - Goal by Gabriel Landeskog - Griffins : 2 - Senators : 5.
9:54 of 2nd period - Stephane Da Costa wins face-off versus Jamie Arniel in neutral zone.
10:03 of 2nd period - Wrist shot by Stephane Da Costa.
10:03 of 2nd period - Deflect By Gabriel Landeskog.
10:03 of 2nd period - Deflect By Jamie Arniel.
10:03 of 2nd period - Shot Misses the Net.
10:03 of 2nd period - Puck is out of play.
10:04 of 2nd period - Stephane Da Costa wins face-off versus Jamie Arniel in Griffins zone.
10:23 of 2nd period - Wrist shot by Stephane Da Costa.
10:23 of 2nd period - Stopped by Thomas Greiss without a rebound.
10:24 of 2nd period - Greg Mauldin wins face-off versus Stephane Da Costa in Griffins zone.
10:33 of 2nd period - Slapshot by Gabriel Landeskog.
10:33 of 2nd period - Stopped by Thomas Greiss with a rebound.
10:50 of 2nd period - Icing by Petr Pohl.
10:51 of 2nd period - Chris Thorburn wins face-off versus Jamie Arniel in Griffins zone.
10:59 of 2nd period - Off-side.
11:00 of 2nd period - Stephane Da Costa wins face-off versus Jamie Arniel in neutral zone.
11:06 of 2nd period - Icing by Petr Pohl.
11:07 of 2nd period - Stephane Da Costa wins face-off versus Jamie Arniel in Griffins zone.
11:39 of 2nd period - Penalty to Tomas Jurco is over, Tomas Jurco is back on ice.
11:40 of 2nd period - Wrist shot by Jamie Arniel.
11:40 of 2nd period - Stopped by Brad Thiessen without a rebound.
11:41 of 2nd period - Gabriel Bourque wins face-off versus Greg Mauldin in Senators zone.
11:48 of 2nd period - Wrist shot by Jan Mursak.
11:48 of 2nd period - Shot Blocked by Nicolas Deslauriers.
12:53 of 2nd period - Gabriel Landeskog is hit by Jamie Arniel and loses puck.
13:16 of 2nd period - Slapshot by Jan Mursak.
13:16 of 2nd period - Stopped by Brad Thiessen without a rebound.
13:17 of 2nd period - Greg Mauldin wins face-off versus Shane Prince in Senators zone.
13:25 of 2nd period - Minor Penalty to Keegan Lowe for Hooking.
13:26 of 2nd period - Stephane Da Costa wins face-off versus Petr Pohl in Senators zone.
13:36 of 2nd period - Slapshot by Tye McGinn.
13:36 of 2nd period - Stopped by Brad Thiessen with a rebound.
13:38 of 2nd period - Slapshot by Oscar Klefbom.
13:38 of 2nd period - Deflect By Petr Pohl.
13:38 of 2nd period - Goal by Petr Pohl - Griffins : 3 - Senators : 5.
13:39 of 2nd period - Stephane Da Costa wins face-off versus Jamie Arniel in neutral zone.
13:48 of 2nd period - Wrist shot by Stephane Da Costa.
13:48 of 2nd period - Shot Misses the Net.
14:48 of 2nd period - Simon Despres is hit by Tomas Jurco and loses puck.
14:55 of 2nd period - Wrist shot by Tomas Jurco.
14:55 of 2nd period - Shot Misses the Net.
15:15 of 2nd period - Slapshot by Jeff Petry.
15:15 of 2nd period - Stopped by Thomas Greiss without a rebound.
15:16 of 2nd period - Stephane Da Costa wins face-off versus Greg Mauldin in Griffins zone.
15:17 of 2nd period - Slapshot by Chris Thorburn.
15:17 of 2nd period - Shot Misses the Net.
15:41 of 2nd period - Gabriel Bourque is hit by Jamie Arniel.
16:29 of 2nd period - Wrist shot by Jamie Arniel.
16:29 of 2nd period - Stopped by Brad Thiessen with a rebound.
16:31 of 2nd period - Wrist shot by Simon Despres.
16:31 of 2nd period - Stopped by Brad Thiessen with a rebound.
16:48 of 2nd period - Snap shot by Justin Braun.
16:48 of 2nd period - Shot Blocked by Keegan Lowe.
16:52 of 2nd period - Snap shot by Petr Pohl.
16:52 of 2nd period - Stopped by Brad Thiessen with a rebound.
17:32 of 2nd period - Dylan Blujus is hit by Simon Despres and loses puck.
17:41 of 2nd period - Snap shot by Tomas Jurco.
17:41 of 2nd period - Stopped by Thomas Greiss with a rebound.
17:43 of 2nd period - Slapshot by Keegan Lowe.
17:43 of 2nd period - Stopped by Thomas Greiss with a rebound.
17:56 of 2nd period - Minor Penalty to Petr Pohl for Roughing.
17:57 of 2nd period - Stephane Da Costa wins face-off versus J.T. Brown in Griffins zone.
18:12 of 2nd period - Gord Baldwin is hit by Shane Sims.
18:22 of 2nd period - Snap shot by Matt Frattin.
18:22 of 2nd period - Shot Misses the Net.
19:54 of 2nd period - Petter Granberg is hit by Shane Sims and loses puck.
19:56 of 2nd period - Penalty to Petr Pohl is over, Petr Pohl is back on ice.
Goals for this period are 2 for Griffins vs 3 for Senators.
Shots for this period are 19 for Griffins vs 11 for Senators.
3rd period
0:01 of 3rd period - Greg Mauldin wins face-off versus Stephane Da Costa in neutral zone.
0:16 of 3rd period - Wrist shot by Greg Mauldin.
0:16 of 3rd period - Deflect By Jan Mursak.
0:16 of 3rd period - Stopped by Brad Thiessen with a rebound.
0:26 of 3rd period - J.T. Brown is hit by Matt Frattin and loses puck.
0:32 of 3rd period - Minor Penalty to Matt Frattin for Interference.
0:33 of 3rd period - Jamie Arniel wins face-off versus Stephane Da Costa in Senators zone.
2:00 of 3rd period - Slapshot by Patrick Bordeleau.
2:00 of 3rd period - Stopped by Thomas Greiss with a rebound.
2:32 of 3rd period - Penalty to Matt Frattin is over, Matt Frattin is back on ice.
2:38 of 3rd period - Simon Despres is hit by Tommy Wingels and loses puck.
2:54 of 3rd period - Minor Penalty to Mike Duco for Hooking.
2:55 of 3rd period - Stephane Da Costa wins face-off versus Jamie Arniel in Griffins zone.
3:39 of 3rd period - Simon Despres is hit by Gabriel Bourque and loses puck.
4:00 of 3rd period - Lucas Lessio is hit by Stephane Da Costa.
4:54 of 3rd period - Penalty to Mike Duco is over, Mike Duco is back on ice.
5:05 of 3rd period - Wrist shot by J.T. Brown.
5:05 of 3rd period - Shot Blocked by Keegan Lowe.
5:07 of 3rd period - Snap shot by Pontus Aberg.
5:07 of 3rd period - Stopped by Brad Thiessen without a rebound.
5:08 of 3rd period - Devin Shore wins face-off versus Shane Prince in Senators zone.
5:15 of 3rd period - J.T. Brown is hit by Patrick Bordeleau and loses puck.
5:35 of 3rd period - J.T. Brown is hit by Patrick Bordeleau and loses puck.
5:42 of 3rd period - Wrist shot by Patrick Bordeleau.
5:42 of 3rd period - Shot Blocked by Simon Despres.
5:44 of 3rd period - Wrist shot by Marc-André Bernier.
5:44 of 3rd period - Stopped by Thomas Greiss with a rebound.
5:46 of 3rd period - Snap shot by Shane Sims.
5:46 of 3rd period - Shot Misses the Net.
5:52 of 3rd period - Wrist shot by Marc-André Bernier.
5:52 of 3rd period - Shot Misses the Net.
5:54 of 3rd period - Slapshot by Shane Sims.
5:54 of 3rd period - Stopped by Thomas Greiss with a rebound.
5:58 of 3rd period - Slapshot by Marc-André Bernier.
5:58 of 3rd period - Shot Misses the Net.
6:00 of 3rd period - Snap shot by Jeff Petry.
6:00 of 3rd period - Shot Blocked by Devin Shore.
6:02 of 3rd period - Snap shot by Marc-André Bernier.
6:02 of 3rd period - Shot Misses the Net.
6:04 of 3rd period - Slapshot by Patrick Bordeleau.
6:04 of 3rd period - Stopped by Thomas Greiss without a rebound.
6:05 of 3rd period - Jamie Arniel wins face-off versus Chris Thorburn in Griffins zone.
6:14 of 3rd period - Snap shot by Gabriel Landeskog.
6:14 of 3rd period - Deflect By Stephane Da Costa.
6:14 of 3rd period - Stopped by Thomas Greiss without a rebound.
6:15 of 3rd period - Jamie Arniel wins face-off versus Gabriel Landeskog in Griffins zone.
6:15 of 3rd period - Oscar Klefbom is hit by Stephane Da Costa and loses puck.
6:22 of 3rd period - Wrist shot by Stephane Da Costa.
6:22 of 3rd period - Shot Misses the Net.
6:24 of 3rd period - Slapshot by Shane Sims.
6:24 of 3rd period - Shot Misses the Net.
6:36 of 3rd period - Wrist shot by Stephane Da Costa.
6:36 of 3rd period - Stopped by Thomas Greiss without a rebound.
6:37 of 3rd period - Greg Mauldin wins face-off versus Tommy Wingels in Griffins zone.
7:25 of 3rd period - Snap shot by Lucas Lessio.
7:25 of 3rd period - Stopped by Brad Thiessen with a rebound.
8:06 of 3rd period - Keegan Lowe is hit by Ben Hanowski and loses puck.
8:17 of 3rd period - Ryan Dzingel is hit by Ben Hanowski and loses puck.
8:56 of 3rd period - Snap shot by J.T. Brown.
8:56 of 3rd period - Stopped by Brad Thiessen with a rebound.
8:58 of 3rd period - Slapshot by Justin Braun.
8:58 of 3rd period - Deflect By Devin Shore.
8:58 of 3rd period - Shot Misses the Net.
8:58 of 3rd period - Puck is out of play.
8:59 of 3rd period - Tommy Wingels wins face-off versus Devin Shore in Senators zone.
9:15 of 3rd period - Wrist shot by Gabriel Bourque.
9:15 of 3rd period - Stopped by Thomas Greiss with a rebound.
10:09 of 3rd period - Wrist shot by Chris Thorburn.
10:09 of 3rd period - Shot Misses the Net.
10:29 of 3rd period - Justin Braun is hit by Gabriel Bourque and loses puck.
10:36 of 3rd period - Snap shot by Gabriel Bourque.
10:36 of 3rd period - Shot Misses the Net.
11:43 of 3rd period - Backhand shot by Matt Frattin.
11:43 of 3rd period - Stopped by Thomas Greiss without a rebound.
11:44 of 3rd period - Jamie Arniel wins face-off versus Stephane Da Costa in Griffins zone.
11:55 of 3rd period - Wrist shot by Petr Pohl.
11:55 of 3rd period - Stopped by Brad Thiessen without a rebound.
11:56 of 3rd period - Stephane Da Costa wins face-off versus Jamie Arniel in Senators zone.
13:11 of 3rd period - Wrist shot by Stephane Da Costa.
13:11 of 3rd period - Shot Misses the Net.
13:13 of 3rd period - Wrist shot by Gabriel Landeskog.
13:13 of 3rd period - Stopped by Thomas Greiss with a rebound.
13:15 of 3rd period - Wrist shot by Keegan Lowe.
13:15 of 3rd period - Stopped by Thomas Greiss with a rebound.
13:17 of 3rd period - Backhand shot by Dylan Blujus.
13:17 of 3rd period - Stopped by Thomas Greiss without a rebound.
13:18 of 3rd period - Shane Prince wins face-off versus Greg Mauldin in Griffins zone.
13:19 of 3rd period - Wrist shot by Marc-André Bernier.
13:19 of 3rd period - Deflect By Patrick Bordeleau.
13:19 of 3rd period - Stopped by Thomas Greiss with a rebound.
13:25 of 3rd period - Slapshot by Petter Granberg.
13:25 of 3rd period - Stopped by Brad Thiessen without a rebound.
13:26 of 3rd period - Greg Mauldin wins face-off versus Shane Prince in Senators zone.
13:31 of 3rd period - Snap shot by Greg Mauldin.
13:31 of 3rd period - Shot Blocked by Jeff Petry.
13:33 of 3rd period - Wrist shot by Ben Hanowski.
13:33 of 3rd period - Shot Hit the Post.
13:35 of 3rd period - Slapshot by Nathan Oystrick.
13:35 of 3rd period - Stopped by Brad Thiessen with a rebound.
13:37 of 3rd period - Wrist shot by Jan Mursak.
13:37 of 3rd period - Shot Blocked by Jeff Petry.
13:39 of 3rd period - Backhand shot by Ben Hanowski.
13:39 of 3rd period - Stopped by Brad Thiessen with a rebound.
13:41 of 3rd period - Slapshot by Petter Granberg.
13:41 of 3rd period - Stopped by Brad Thiessen without a rebound.
13:42 of 3rd period - Jamie Arniel wins face-off versus Stephane Da Costa in Senators zone.
14:39 of 3rd period - Tomas Jurco is hit by Greg Mauldin and loses puck.
16:05 of 3rd period - Vladislav Namestnikov is hit by Matt Frattin and loses puck.
16:15 of 3rd period - Icing by Petter Granberg.
16:16 of 3rd period - Jamie Arniel wins face-off versus Shane Prince in Griffins zone.
16:24 of 3rd period - Off-side.
16:25 of 3rd period - Greg Mauldin wins face-off versus Shane Prince in neutral zone.
16:30 of 3rd period - Snap shot by Oscar Klefbom.
16:30 of 3rd period - Stopped by Brad Thiessen without a rebound.
16:31 of 3rd period - Greg Mauldin wins face-off versus Shane Prince in Senators zone.
16:44 of 3rd period - Slapshot by Gord Baldwin.
16:44 of 3rd period - Stopped by Brad Thiessen without a rebound.
16:45 of 3rd period - Stephane Da Costa wins face-off versus Greg Mauldin in Senators zone.
17:32 of 3rd period - Slapshot by Marc-André Bernier.
17:32 of 3rd period - Shot Misses the Net.
17:40 of 3rd period - Slapshot by J.T. Brown.
17:40 of 3rd period - Stopped by Brad Thiessen without a rebound.
17:41 of 3rd period - Greg Mauldin wins face-off versus Stephane Da Costa in Senators zone.
18:28 of 3rd period - Off-side.
18:29 of 3rd period - Tommy Wingels wins face-off versus Devin Shore in neutral zone.
18:56 of 3rd period - Nathan Oystrick is hit by Nicolas Deslauriers and loses puck.
19:11 of 3rd period - Snap shot by Devin Shore.
19:11 of 3rd period - Shot Misses the Net.
19:49 of 3rd period - Wrist shot by Matt Frattin.
19:49 of 3rd period - Stopped by Thomas Greiss without a rebound.
19:50 of 3rd period - Ben Hanowski wins face-off versus Chandler Stephenson in Griffins zone.
Goals for this period are 0 for Griffins vs 0 for Senators.
Shots for this period are 12 for Griffins vs 13 for Senators.
Back to the Top